 Dungeon Crawl Stone Soup version bcrawl-1.27.1d (webtiles) character file.

Game seed: 17857779018012073984

136247 Tiny the Magician (level 5, -4/25 HPs)
             Began as a Spriggan Arcane Marksman on July 17, 2020.
             Killed from afar by an orc wizard (10 damage)
             ... with a magic dart
             ... on level 3 of the Dungeon.
             The game lasted 00:12:06 (3084 turns).

Tiny the Magician (Spriggan Arcane Marksman)        Turns: 3084, Time: 00:12:07

Health: -4/25      AC:  2    Str:  6    XL:     5   Next: 42%
Magic:  12/12      EV: 18    Int: 16    God:
Gold:   149        SH:  0    Dex: 16    Spells: 3/12 levels left

rFire    . . .     SeeInvis +   a - +0 hunting sling
rCold    . . .     Gourm    .   (shield restricted)
rNeg     . . .     Faith    .   c - +0 robe
rPois    .         Spirit   .   (helmet restricted)
rElec    .         Reflect  .   (no cloak)
rCorr    .         Harm     .   (gloves unavailable)
MR       +....                  (boots unavailable)
Stlth    +.........             (no amulet)
HPRegen  0.08/turn              M - ring of protection from magic
MPRegen  0.13/turn              (no ring)

@: very quick
A: very small, unfitting armour, see invisible, herbivore, speed 3, slow
metabolism 2
a: no special abilities


You were on level 3 of the Dungeon.
You were not hungry.

You visited 1 branch of the dungeon, and saw 3 of its levels.

You collected 149 gold pieces.

Inventory:

Hand Weapons
 a - a +0 hunting sling (weapon)
 b - a +0 dagger
Missiles
 f - 168 sling bullets (quivered)
 l - 279 stones
 n - 93 poisoned tomahawks
 Q - 135 arrows
Armour
 c - a +0 robe (worn)
Jewellery
 M - a ring of protection from magic (left hand)
Scrolls
 d - 3 scrolls of remove curse
 g - 2 scrolls of noise {!r}
 h - 2 scrolls of amnesia
 i - 2 scrolls of identify
 j - 2 scrolls of blinking {unknown}
Potions
 k - 2 potions of flight
 m - a potion of lignification {unknown}
Comestibles
 e - 3 rations {!d}


   Skills:
 - Level 1.5 Fighting
 * Level 4.0 Slings
 - Level 3.0 Dodging
 + Level 4.1 Spellcasting
 - Level 4.0 Hexes


You had 3 spell levels left.
You knew the following spells:

 Your Spells              Type           Power        Failure   Level  Hunger
a - Shackle               Hex            ###.....     4%          2    None
b - False Image           Hex/Summ       #.......     22%         3    ###....
c - Inner Flame           Hex/Fire       N/A          22%         3    ###....
v - Corona                Hex            ###....      3%          1    None

Your spell library contained the following spells:

 Spells                   Type           Power        Failure   Level  Hunger
 Confuse                  Hex            ###.....     10%         3    ###....
 Dazzling Orbs            Conj/Hex       #......      22%         3    ###....
 Cause Fear               Hex            ###.......   30%         4    #####..
 Yara's Violent Unravell  Hex/Tmut       #.........   58%         4    #####..
 Petrify                  Tmut/Erth      #.........   86%         4    #####..
 Metabolic Englaciation   Hex/Ice        #.........   90%         5    ######.
 Mana Rupture             Conj/Hex       #.........   100%        7    #######


Dungeon Overview and Level Annotations

Branches:
Dungeon (3/12)

Altars:


Innate Abilities, Weirdness & Mutations

You are very small and have problems with some larger weapons.
You are too small for most types of armour.
You have supernaturally acute eyesight. (SInv)
You are a herbivore.
You cover ground extremely quickly.
You need to consume almost no food.


Message History

Quiver which item? (- for none, * to show all) (? for menu, Esc to quit)
Quivering
f - 169 sling bullets for slings.
Firing (i - inventory. (/) - cycle)
f - 169 sling bullets (quivered)
Aim: an orc wizard, wielding a +0 dagger and wearing a +0 robe (fast, softly glowing, shackled)
You shoot a sling bullet. The sling bullet hits the orc wizard.
The orc wizard casts a spell at you. The magic dart hits you.
* * * LOW HITPOINT WARNING * * *
You take 6 damage, and have 3/25 hp.
MASSIVE DAMAGE!!
No path to travel!
Your magical contamination has completely faded away.
There is an escape hatch in the ceiling here.
You start resting.
MP restored: 12 You start resting.
The orc wizard is too close now for your liking.
The orc wizard casts a spell at you. The magic dart hits you!
You die...

########## ##########
#........# .........#
#........# .........#
#........# .........#
#........# ###..#..##
###.@......# #.###..#
#..........# #
###.####.####..####o###...#
.....# #.#....## #.# ..#
#....# #.#.##.#####.###...#
#....###.)..).............#
####......##..#####.......#
.....###..#...####..###...#
########.....##.....# ..#


You could see an orc wizard.

Levels and vault maps discovered:
D:1:      saegor_arrival_miasma, layout_loops_ring
D:2:      layout_basic, st_stairs_5, due_unseen_surprise
D:3:      layout_rooms, first_ration, uniq_robin

Notes
Turn   | Place    | Note
-------+----------+-------------------------------------------
     0 | D:1      | Tiny the Spriggan Arcane Marksman began the quest for the
                  | Orb.
     0 | D:1      | Reached XP level 1. HP: 10/10 MP: 5/5
    26 | D:1      | Identified a cursed -1 club
    51 | D:1      | Identified a +0 short sword
    69 | D:1      | Reached skill level 2 in Slings
    69 | D:1      | Reached skill level 3 in Spellcasting
    72 | D:1      | HP: 2/10 [hobgoblin (3)]
   101 | D:1      | Reached XP level 2. HP: 4/14 MP: 5/7
   105 | D:1      | Learned a level 2 spell: Shackle
   256 | D:1      | Identified a cursed -1 club
   375 | D:1      | Identified a scroll of identify
   385 | D:1      | Identified a +0 short sword
   456 | D:1      | Identified 2 scrolls of remove curse
   695 | D:1      | Identified a +0 club
   699 | D:1      | Identified a +0 whip
   699 | D:1      | Identified a cursed +0 leather armour
   795 | D:1      | Reached XP level 3. HP: 14/18 MP: 6/8
   800 | D:1      | Learned a level 3 spell: False Image
   868 | D:2      | Identified a +0 falchion
   910 | D:2      | Identified a ring of protection from magic (You found it on
                  | level 2 of the Dungeon)
   925 | D:2      | Identified a +0 club
  1047 | D:2      | Identified a +0 mace
  1061 | D:2      | Identified a +0 short sword
  1270 | D:2      | Identified a +0 club
  1282 | D:2      | Reached skill level 3 in Slings
  1351 | D:2      | Identified a +0 whip
  1462 | D:2      | Reached XP level 4. HP: 22/22 MP: 5/10
  1467 | D:2      | Learned a level 3 spell: Inner Flame
  1485 | D:2      | Identified a +0 dagger
  1528 | D:2      | Identified a +0 short sword
  1561 | D:2      | Identified a +0 whip
  1621 | D:2      | Identified a +0 dagger
  1806 | D:2      | Identified a +0 short sword
  1987 | D:2      | Identified a +0 dagger
  2076 | D:3      | Reached skill level 4 in Hexes
  2232 | D:3      | Identified a +0 hand axe
  2260 | D:3      | Identified a +0 flail
  2260 | D:3      | Identified a +0 club
  2277 | D:3      | Identified a +0 club
  2277 | D:3      | Identified a +0 flail
  2277 | D:3      | Identified a +0 ring mail
  2279 | D:3      | Identified a +0 ring mail
  2376 | D:3      | Identified a +0 club
  2496 | D:3      | Identified a +0 flail
  2496 | D:3      | Identified a +0 club
  2510 | D:3      | Identified 2 scrolls of amnesia
  2547 | D:3      | Reached XP level 5. HP: 25/25 MP: 8/11
  2595 | D:3      | Identified 2 potions of flight
  2596 | D:3      | Identified 2 scrolls of noise
  2821 | D:3      | Identified a +0 dagger
  2821 | D:3      | Identified a +0 robe
  2825 | D:3      | Identified a +0 hand axe
  2837 | D:3      | Reached skill level 4 in Spellcasting
  2841 | D:3      | Reached skill level 4 in Slings
  2895 | D:3      | Identified a +0 club
  3004 | D:3      | Identified a +0 hand axe
  3004 | D:3      | Identified a cursed +0 leather armour
  3009 | D:3      | Identified a +0 dagger
  3009 | D:3      | Identified a +0 robe
  3010 | D:3      | Identified a +0 hand axe
  3010 | D:3      | Identified a +0 ring mail
  3048 | D:3      | HP: 3/25 [orc wizard/magic dart (6)]
  3084 | D:3      | Killed from afar by an orc wizard

Table legend:
 A = Turns spent in this place as a percentage of turns spent in the entire game.
 B = Non-inter-level travel turns spent in this place as a percentage of non-inter-level travel turns spent in the entire game.
 C = Inter-level travel turns spent in this place as a percentage of turns spent in this place.
 D = Turns resting spent in this place as a percentage of non-inter-level travel turns spent in this place.
 E = Turns spent auto-exploring this place as a percentage of non-inter-level travel turns spent in this place.
 F = Non-inter-level travel turns spent in this place divided by the number of levels of this place that you've seen.
                   A       B       C       D       E      F
               +-------+-------+-------+-------+-------+----------------------
         Total | 100.0 | 100.0 |   0.9 |   0.5 |  68.4 | 1018.3
       Dungeon | 100.0 | 100.0 |   0.9 |   0.5 |  68.4 | 1018.3
               +-------+-------+-------+-------+-------+----------------------

Table legend:
 A = Kills in this place as a percentage of kills in entire the game.
 B = Kills by you in this place as a percentage of kills by you in the entire game.
 C = Kills by friends in this place as a percentage of kills by friends in the entire game.
 D = Other kills in this place as a percentage of other kills in the entire game.
 E = Experience gained in this place as a percentage of experience gained in the entire game.
 F = Experience gained in this place divided by the number of levels of this place that you have seen.
                   A       B       C       D       E      F
               +-------+-------+-------+-------+-------+----------------------
         Total | 100.0 | 100.0 |   N/A |   N/A | 100.0 |  91.7
       Dungeon | 100.0 | 100.0 |   N/A |   N/A | 100.0 |  91.7
               +-------+-------+-------+-------+-------+----------------------

Skill      XL: |  1  2  3  4  5 |
---------------+----------------+-----
Slings         | 2 3 4 |  4.0
Spellcasting   | 3 4 |  4.1
Hexes          | 4 |  4.0
Fighting       | |  1.5
Dodging        | |  3.0

Action                   |  1- 3 |  4- 6 || total
-------------------------+-------+-------++-------
 Fire: Hunting sling     |   179 |   195 ||   374
 Cast: Corona            |    36 |    33 ||    69
       Shackle           |       |     7 ||     7
  Use: Scroll            |     1 |     3 ||     4
  Eat: Ration            |     1 |     2 ||     3
Armor: Robe              |     3 |     7 ||    10
Dodge: Dodged            |    32 |    52 ||    84

Vanquished Creatures
  An orc wizard (D:3)
  5 adders (D:3)
  3 oozes
  2 worms (D:2)
  A dart slug (D:1)
  7 leopard geckos
  12 orcs
  4 giant cockroaches
  7 goblins
  10 hobgoblins
  A quokka (D:2)
  2 bats
  2 frilled lizards (D:1)
  A jackal skeleton (D:3)
  12 kobolds
  6 rats
76 creatures vanquished.
